 Dungeon Crawl Stone Soup version 0.29-a0-901-g46a8461d6a (webtiles) character file.

Game seed: 11915839255997195009

257 gruber the Skirmisher (level 5, -10/42 HPs)
             Began as a Minotaur Hunter on July 23, 2022.
             Killed by nerve-wracking pain
             ... invoked by a shadow imp
             ... summoned by Natasha
              (14 damage)
             ... on level 2 of the Dungeon on July 24, 2022.
             The game lasted 00:02:26 (2300 turns).

gruber the Skirmisher (Minotaur Hunter)             Turns: 2300, Time: 00:02:27

Health: -10/42     AC:  0    Str: 15    XL:     5   Next: 93%
Magic:  4/4        EV: 14    Int:  6    God:
Gold:   132        SH:  0    Dex: 16    Spells: 4/4 levels left

rFire   . . .      SeeInvis .   (weapon currently unavailable)
rCold   . . .      Faith    .   (shield currently unavailable)
rNeg    . . .      Spirit   .   (body armour currently unavailable)
rPois   .          Reflect  .   (helmet currently unavailable)
rElec   .          Harm     .   (cloak currently unavailable)
rCorr   .          Rampage  .   (gloves currently unavailable)
Will    .....                   (boots currently unavailable)
Stlth   ++........              (no amulet)
HPRegen 0.14/turn               (ring currently unavailable)
MPRegen 0.09/turn               (ring currently unavailable)

@: pig-form (expiring), very quick
A: fast, no casting, small, (horns 2), (retaliatory headbutt)
a: no special abilities


You were on level 2 of the Dungeon.
You were a filthy swine.
You visited 1 branch of the dungeon, and saw 2 of its levels.

You collected 132 gold pieces.

Inventory:

Hand Weapons
 a - a +0 shortbow (melded)
 g - a +4 spear
Armour
 c - a +0 leather armour (melded)
 s - a +2 pair of boots (melded)
Wands
 r - a wand of flame (23)
Scrolls
 b - a scroll of immolation
 d - 2 scrolls of identify {unknown}
 e - a scroll of fog {unknown}
 f - a scroll of noise {unknown}
 h - a scroll of enchant weapon {unknown}
 l - 2 scrolls of enchant armour {unknown}
 n - a scroll of summoning {unknown}
 o - a scroll of blinking {unknown}
 p - a scroll of teleportation {unknown}
Potions
 i - a potion of magic {unknown}
 j - 2 potions of cancellation {unknown}
 k - a potion of heal wounds {unknown}
 m - a potion of curing {unknown}
 q - a potion of lignification {unknown}


   Skills:
 * Level 2.4 Fighting
 - Level 8.0 Ranged Weapons
 - Level 2.1 Dodging
 - Level 0.7 Stealth


You had 4 spell levels left.
You didn't know any spells.
Your spell library contained the following spells:

 Spells                   Type           Power      Damage    Failure   Level
 Apportation              Tloc           0%         N/A       45%         1
 Slow                     Hex            0%         N/A       45%         1
 Poisonous Vapours        Pois/Air       0%         N/A       58%         2
 Static Discharge         Conj/Air       0%         3-3/arc   58%         2
 Confusing Touch          Hex            0%         N/A       83%         3
 Ignite Poison            Fire/Tmut/Pois 0%         N/A       83%         3
 Mephitic Cloud           Conj/Pois/Air  0%         N/A       83%         3
 Vampiric Draining        Necr           0%         2d6       83%         3
 Corpse Rot               Necr/Pois/Air  0%         N/A       99%         4
 Dispel Undead            Necr           0%         3d6       99%         4
 Sticky Flame             Conj/Fire      0%         2d3       99%         4
 Alistair's Intoxication  Tmut/Pois      0%         N/A       100%        5
 Freezing Cloud           Conj/Ice/Air   0%         6-21      100%        5


Dungeon Overview and Level Annotations

Branches:
Dungeon (2/15)

Altars:

Shops:
D:1 *

Annotations:
D:2 Natasha


Innate Abilities, Weirdness & Mutations

You are a filthy swine.
You move quickly.
Your equipment is almost entirely melded.
You are incapable of wielding weapons or throwing items.
You cannot cast spells.
((You have a pair of horns on your head.))
((You reflexively headbutt those who attack you in melee.))


Message History

Natasha is moderately wounded.
Natasha barely misses you.
You closely miss Natasha.
Natasha is moderately wounded.
You miss Natasha.
Natasha is moderately wounded.
Natasha closely misses you.
You hit Natasha but do no damage.
Natasha is moderately wounded.
Natasha claws you.
* * * LOW HITPOINT WARNING * * *
You hit Natasha but do no damage.
Natasha is moderately wounded.
Natasha misses you.
You hit Natasha.
Natasha is severely wounded.
Natasha claws you.
* * * LOW HITPOINT WARNING * * *
You hit Natasha but do no damage.
Natasha is severely wounded.
Natasha claws you.
* * * LOW HITPOINT WARNING * * *
You barely miss Natasha.
Natasha is severely wounded.
Natasha misses you.
You barely miss Natasha.
Natasha is severely wounded.
Natasha casts a spell.
You hit Natasha.
Natasha is almost dead.
Your transformation is almost over.
Natasha closely misses you.
You hit Natasha but do no damage.
Natasha is almost dead.
The shadow imp completely misses you. Natasha closely misses you.
You hit Natasha.
Natasha is almost dead.
The shadow imp gestures at you. Pain shoots through your body!
You die...

##§.....≈## ##...## ##§........##
##.....# ##...........## #.......
##......≈.§§§).## #.......
#.....§≈≈≈§§§...###### #.......
.....≈≈###§≈§....##..# ##......
....≈≈## ##≈≈....≈#..# #.......
...≈≈## ##≈§§h..#..# #.......
...≈## ##≈..h.'..# #....... ..≈≈#
#≈§5..'..# ##.....# ...≈##
##§....'..# ##...#. ...≈≈##
##≈≈....#..#######.###. ....≈≈##
##≈≈...)≈#..##...##.###.
.....≈§###≈§.....##..####........
#.....§≈§§§§....##....<..........
##....§§§..§...####...####.######
##...........###...#..##..######


You could see Natasha and a shadow imp (summoned).

Vanquished Creatures
  Sigmund (D:2)
  Natasha (D:2)
  3 gnolls (D:2)
  2 dart slugs (D:1)
  5 ball pythons
  4 endoplasms
  4 jackals (D:2)
  4 quokkas (D:1)
  4 bats
  5 frilled lizards
  2 goblins
  3 kobolds
  5 rats
43 creatures vanquished.

Notes
Turn   | Place    | Note
-------+----------+-------------------------------------------
     0 | D:1      | gruber the Minotaur Hunter began the quest for the Orb.
     0 | D:1      | Reached XP level 1. HP: 18/18 MP: 0/0
   196 | D:1      | Reached XP level 2. HP: 25/25 MP: 1/1
   234 | D:1      | Reached skill level 5 in Ranged Weapons
   451 | D:1      | Found Nucyire's General Store.
   465 | D:1      | Found a faded altar of an unknown god.
  1316 | D:2      | Reached XP level 3. HP: 24/30 MP: 2/2
  1786 | D:2      | Noticed Sigmund
  1792 | D:2      | Killed Sigmund
  1793 | D:2      | Reached skill level 7 in Ranged Weapons
  1793 | D:2      | Reached XP level 4. HP: 32/37 MP: 3/3
  1793 | D:2      | Reached XP level 5. HP: 36/42 MP: 4/4
  1863 | D:2      | Noticed Natasha
  1871 | D:2      | Killed Natasha
  1905 | D:2      | Reached skill level 8 in Ranged Weapons
  2279 | D:2      | Noticed Natasha
  2300 | D:2      | Killed from afar by a shadow imp

Illustrated notes

Levels and vault maps discovered:
D:1:      nagdon_arrival_double_spiral, layout_basic,
          ebering_ecumenical_altar_abandoned, serial_shops, nicolae_square_shop
D:2:      layout_rooms, moated_statue, kennysheep_donut, uniq_sigmund,
          uniq_natasha

Skill      XL: |  1  2  3  4  5 |
---------------+----------------+-----
Ranged Weapons | 5 7 8 |  8.0
Fighting       | |  2.4
Dodging        | |  2.1
Stealth        | |  0.7

Action                   |  1- 3 |  4- 6 || total
-------------------------+-------+-------++-------
Melee: Spear             |     4 |       ||     4
       Unarmed           |       |    17 ||    17
 Fire: Shortbow          |    98 |    22 ||   120
Armor: Leather armour    |    11 |     1 ||    12
Dodge: Dodged            |    41 |    11 ||    52

Table legend: (Time is in decaauts)
 A = Elapsed time spent in this place.
 B = Non-inter-level travel time spent in this place.
 C = Inter-level travel time spent in this place.
 D = Time resting spent in this place.
 E = Time spent auto-exploring this place.
 F = Levels seen in this place.
 G = Mean time per level.
                   A        B        C        D        E       F      G
               +--------+--------+--------+--------+--------+-----+--------+
         Total |   2326 |   2049 |    277 |      0 |   1785 |   2 | 1163.0 |
       Dungeon |   2326 |   2049 |    277 |      0 |   1785 |   2 | 1163.0 |
               +--------+--------+--------+--------+--------+-----+--------+

Top non-repeatable levels by time:
     D:1: 1266 daAuts
     D:2: 1059 daAuts
